 Dungeon Crawl Stone Soup version 0.31-a0-182-gc5ef74bbde (webtiles) character file.

Game seed: 16283582948139387878

1941 qw the Cleaver (level 9, 0/55 HPs)
             Began as a Gargoyle Fighter on June 20, 2023.
             Was a Follower of Okawaru.
             Slain by Maggie
             ... wielding a +1 glaive of flaming
              (6 damage)
             ... on level 6 of the Dungeon.
             The game lasted 00:02:15 (5030 turns).

qw the Cleaver (Gargoyle Fighter)                   Turns: 5030, Time: 00:02:16

Health: 0/55       AC: 32    Str: 30    XL:     9   Next: 18%
Magic:  10/12      EV:  7    Int:  9    God:    Okawaru [*.....]
Gold:   139        SH:  5    Dex:  7    Spells: 8/8 levels left

rFire   . . .        Y - +2 war axe
rCold   . . .        c - +0 buckler
rNeg    + . .        a - +5 crystal plate armour of Sin {Harm rElec Dex-2 Stlth+}
rPois   inf          (no helmet)
rElec   +            (no cloak)
rCorr   .            (no gloves)
SInv    .            (no boots)
Will    .....        q - amulet of faith Stlth
                     n - +6 ring of strength
HPRegen 0.29/turn    (no ring)
MPRegen 0.13/turn

%: harm (+30% outgoing, +20% incoming), faith
@: heroic, mesmerised
A: sickness immunity, AC +6, negative energy resistance 1, electricity
resistance, torment resistance 1, petrification resistance
a: Renounce Religion, Heroism


You were on level 6 of the Dungeon.
You worshipped Okawaru.
Okawaru was aware of your devotion.
You visited 2 branches of the dungeon, and saw 7 of its levels.

You collected 336 gold pieces.
You spent 197 gold pieces at shops.


Innate Abilities, Weirdness & Mutations

You are immune to sickness and miasma.
Your stone body is resilient. (AC +6)
You are immune to poison.
You resist negative energy. (rN+)
You are resistant to electric shocks. (rElec)
You are resistant to unholy torment.
You are immune to petrification.


   Skills:
 - Level 6.2(11.2) Fighting
 - Level 8.1(13.1) Axes
 - Level 6.0(11.0) Armour
 + Level 0.0(5.0) Dodging
 - Level 3.2(8.2) Shields
 - Level 4.3 Invocations


You had 8 spell levels left.
You didn't know any spells.
Your spell library was empty.

Inventory:

Hand Weapons
 m - a +2 heavy flail
 Y - a +2 war axe (weapon)
Armour
 a - the +5 crystal plate armour of Sin (worn) {Harm rElec Dex-2 Stlth+}
   (You acquired it on level 3 of the Dungeon)

   Dex:       It affects your dexterity (-2).
   rElec:     It insulates you from electricity.
   Harm:      It increases damage dealt and taken.
   Stlth:     It makes you more stealthy.
 c - a +0 buckler (worn)
Jewellery
 h - a ring of ice
 i - a +5 ring of evasion
 n - a +6 ring of strength (left hand)
 q - an amulet of faith (around neck)
Scrolls
 e - a scroll of enchant armour
 g - 3 scrolls of identify
Potions
 b - a potion of cancellation
 d - 3 potions of might
 f - a potion of curing
 j - 4 potions of lignification
 k - a potion of haste {unknown}
 l - a potion of resistance
 r - a potion of enlightenment

Dungeon Overview and Level Annotations

Branches:
Dungeon (6/15)             Temple (1/1) D:4

Altars:
Ashenzari
Cheibriados
Dithmenos
Elyvilon
Fedhas
Gozag
Hepliaklqana
Kikubaaqudgha
Makhleb
Nemelex Xobeh
Okawaru
Qazlal
Ru
Sif Muna
Trog
Uskayaw
Vehumet
Wu Jian
Xom
Yredelemnul
Zin

Shops:
D:1 ?   D:4 ?

Annotations:
D:6 Maggie


Message History

Enter note:
Enter note: You start waiting.
Maggie is nearby!
Maggie smiles, but it's obviously fake.
You block Maggie's attack. Maggie hits you but does no damage.
You closely miss Maggie.
Maggie hits you with a +1 glaive of flaming.
Maggie burns you.
You barely miss Maggie. You block Maggie's attack.
You hit Maggie but do no damage.
Maggie casts a spell.
Maggie attempts to bespell you! You resist with almost no effort.
You hit Maggie but do no damage.
Maggie mumbles some strange words.
Maggie attempts to bespell you!
You are mesmerised by Maggie!
You slash Maggie!
Maggie is lightly wounded.
Maggie hits you but does no damage.
You barely miss Maggie.
Maggie is lightly wounded.
Maggie hits you with a +1 glaive of flaming!
Maggie burns you.
5027 ||| INVOKING Heroism.
You gain the combat prowess of a mighty hero.
Maggie casts a spell at you. The bolt of fire hits you!!
You slash Maggie!
Maggie is moderately wounded.
You block Maggie's attack.
You slash Maggie!
Maggie is heavily wounded.
Maggie hits you but does no damage.
You hit Maggie.
Maggie is severely wounded.
Maggie hits you with a +1 glaive of flaming.
You die...

.#####............
##..#..# .#
#.............
#..#..#
.#####.......##...##
## #..#
.#....:###.####....#
.... .#.....# #.#.#
..#. .. ......##
#.#.# ... .. ###.###
#.#.# #.# #. # #.#
##.#.###.###### #. #
#.# #.......@@....#
#. ###.###
#.......##...... #.
......# #.......#
##.## ## ....###
#.......# #####
#......... .#
.........### .#
............ .#
....####.... .# ...
#....


You could see Maggie (mesmerising).

Vanquished Creatures
  Pikel (D:4)
  Grinder (D:6)
  Edmund (D:6)
  Duvessa (D:4)
  2 black bears (D:4)
  A phantom (D:6)
  2 lemures (D:4)
  A kobold brigand (D:3)
  5 scorpions
  Dowan (D:4)
  A hound (D:4)
  A jelly (D:6)
  A sleepcap (D:4)
  3 iguanas
  3 orc wizards
  7 gnolls
  6 adders
  A white imp (D:5)
  An ufetubus (D:5)
  A dart slug (D:1)
  5 orcs
  9 endoplasms
  2 giant cockroaches
  10 hobgoblins
  7 quokkas
  6 ball pythons
  2 bats
  4 frilled lizards
  5 goblins
  3 kobolds
  4 rats
98 creatures vanquished.

Notes
Turn   | Place    | Note
-------+----------+-------------------------------------------
     0 | D:1      | qw the Gargoyle Fighter began the quest for the Orb.
     0 | D:1      | Reached XP level 1. HP: 14/14 MP: 1/1
     0 | D:1      | 0 ||| qw: Version: 0.3-a-9-g12657ce
     0 | D:1      | 0 ||| qw: Game counter: 1233
     0 | D:1      | 0 ||| qw: Always use a shield: true
     0 | D:1      | 0 ||| qw: God list: Okawaru
     0 | D:1      | 0 ||| qw: Allow faded altars: false
     0 | D:1      | 0 ||| qw: Do Orc after D:15 true
     0 | D:1      | 0 ||| qw: Do second Lair branch before Depths: true
     0 | D:1      | 0 ||| qw: Lair rune preference: random
     0 | D:1      | 0 ||| qw: Plans: Normal, Zot:1-4, Slime:5, God:TSO, Crypt,
                  | Tomb, Abyss, Pan, Hells, Win
     0 | D:1      | 0 ||| PLANNING D:1-11
    36 | D:1      | Reached skill level 2 in Axes
    36 | D:1      | Found Lyxkeg's Magic Scroll Shoppe.
    49 | D:1      | 49 ||| BUYING scroll of identify (22 gold).
    49 | D:1      | Bought a scroll of identify for 22 gold pieces
    49 | D:1      | 49 ||| SHOPLISTING scroll of identify (22 gold, have 3).
   214 | D:1      | Reached XP level 2. HP: 19/19 MP: 2/2
   356 | D:1      | 356 ||| Stepping ~*~*~tactically~*~*~ (stealth).
   360 | D:1      | 360 ||| Stepping ~*~*~tactically~*~*~ (stealth).
   361 | D:1      | 361 ||| Stepping ~*~*~tactically~*~*~ (stealth).
   391 | D:1      | Reached skill level 3 in Axes
   435 | D:1      | Reached XP level 3. HP: 22/23 MP: 3/3
   844 | D:1      | 844 ||| DROPPING ring of wizardry.
   845 | D:1      | 845 ||| READING scroll labelled CAIXUU JISHEME.
  1328 | D:2      | Reached XP level 4. HP: 28/28 MP: 4/4
  1500 | D:2      | 1500 ||| UPGRADING to amulet of guardian spirit.
  1505 | D:2      | 1505 ||| UPGRADING to amulet of faith.
  1515 | D:2      | 1515 ||| DROPPING amulet of guardian spirit.
  1516 | D:2      | 1516 ||| UPGRADING to +6 ring of strength.
  1517 | D:2      | 1517 ||| READING scroll labelled TIYBBU ROEL.
  1518 | D:2      | 1518 ||| READING scroll labelled SEAZUVV OMUGH.
  1519 | D:2      | 1519 ||| READING scroll labelled YJEOPRINLA.
  1520 | D:2      | 1520 ||| READING scroll labelled KETIKKAER.
  1521 | D:2      | 1521 ||| READING scroll labelled UNEQO PUTI.
  1522 | D:2      | 1522 ||| DRINKING 2 murky brown potions.
  1523 | D:2      | 1523 ||| READING 2 scrolls of identify.
  1523 | D:2      | 1523 ||| IDENTIFYING fuming amethyst potion
  1524 | D:2      | 1524 ||| DROPPING potion of degeneration.
  1649 | D:3      | Noticed a kobold brigand
  1650 | D:3      | 1650 ||| Stepping ~*~*~tactically~*~*~ (hiding).
  1673 | D:3      | Killed a kobold brigand
  1674 | D:3      | Reached skill level 4 in Axes
  1674 | D:3      | Reached XP level 5. HP: 13/32 MP: 5/5
  1842 | D:3      | Found a white marble altar of Elyvilon.
  2362 | D:3      | 2362 ||| READING scroll labelled UTSUS XERAH.
  2362 | D:3      | Identified a scroll of acquirement
  2362 | D:3      | 2362 ||| ACQUIRING +5 crystal plate armour of Sin {Harm
                  | rElec Dex-2 Stlth+}
  2362 | D:3      | Acquired the +5 crystal plate armour of Sin {Harm rElec
                  | Dex-2 Stlth+}
  2364 | D:3      | 2364 ||| UPGRADING to +5 crystal plate armour of Sin {Harm
                  | rElec Dex-2 Stlth+}.
  2374 | D:3      | 2374 ||| DROPPING +0 scale mail.
  2375 | D:3      | 2375 ||| READING scroll labelled FOIRUA FOFYG.
  2376 | D:3      | 2376 ||| READING scroll labelled GUIMNEITWO.
  2377 | D:3      | 2377 ||| DRINKING 3 viscous coppery potions.
  2413 | D:3      | 2413 ||| READING 2 scrolls of identify.
  2413 | D:3      | 2413 ||| IDENTIFYING fuming red potion
  2414 | D:3      | 2414 ||| DROPPING potion of berserk rage.
  2492 | D:4      | Noticed Pikel
  2492 | D:4      | Noticed a lemure
  2492 | D:4      | Noticed a lemure
  2492 | D:4      | Noticed a lemure
  2492 | D:4      | Noticed a lemure
  2497 | D:4      | Noticed Duvessa
  2503 | D:4      | Killed a lemure
  2506 | D:4      | Killed a lemure
  2510 | D:4      | HP: 5/32 [Pikel/+1 whip of freezing (7)]
  2511 | D:4      | 2511 ||| READING 3 scrolls of teleportation.
  2511 | D:4      | HP: 2/32 [Pikel/+1 whip of freezing (1)]
  2513 | D:4      | Killed Pikel
  2513 | D:4      | Noticed Dowan
  2514 | D:4      | Reached skill level 7 in Axes
  2514 | D:4      | Reached XP level 6. HP: 2/37 MP: 6/6
  2514 | D:4      | Reached XP level 7. HP: 2/41 MP: 7/7
  2515 | D:4      | 2515 ||| READING 2 scrolls of teleportation.
  2518 | D:4      | 2518 ||| READING scroll of teleportation.
  2775 | D:4      | 2775 ||| Stepping ~*~*~tactically~*~*~ (stealth).
  2784 | D:4      | Killed Duvessa
  2796 | D:4      | 2796 ||| Stepping ~*~*~tactically~*~*~ (hiding).
  2809 | D:4      | Killed Dowan
  2810 | D:4      | Reached XP level 8. HP: 36/48 MP: 8/8
  3069 | D:4      | Found a staircase to the Ecumenical Temple.
  3070 | D:4      | 3070 ||| PLANNING TEMPLE
  3070 | D:4      | 3070 ||| READING 3 scrolls of identify.
  3070 | D:4      | 3070 ||| IDENTIFYING brown potion
  3071 | D:4      | 3071 ||| READING 2 scrolls of identify.
  3071 | D:4      | 3071 ||| IDENTIFYING amethyst potion
  3080 | Temple   | Entered the Ecumenical Temple
  3116 | Temple   | 3116 ||| PLANNING OKAWARU WORSHIP
  3208 | Temple   | 3208 ||| READING 2 scrolls of identify.
  3208 | Temple   | 3208 ||| IDENTIFYING blue potion
  3263 | Temple   | Became a worshipper of Warmaster Okawaru
  3264 | Temple   | 3264 ||| PLANNING D:1-11
  3306 | D:4      | 3306 ||| DROPPING +0 club.
  3394 | D:4      | 3394 ||| DRINKING potion of curing.
  3394 | D:4      | 3394 ||| (to cure confusion)
  3471 | D:4      | Found a sparkling altar of Nemelex Xobeh.
  3567 | D:4      | Found Peisitt's Magic Scroll Boutique.
  3572 | D:4      | 3572 ||| SHOPLISTING scroll of acquirement (676 gold, have
                  | 177).
  3572 | D:4      | 3572 ||| BUYING scroll of enchant weapon (97 gold).
  3572 | D:4      | Bought a scroll of enchant weapon for 97 gold pieces
  3572 | D:4      | 3572 ||| SHOPLISTING scroll of enchant weapon (97 gold,
                  | have 80).
  3572 | D:4      | 3572 ||| BUYING scroll of identify (26 gold).
  3572 | D:4      | Bought a scroll of identify for 26 gold pieces
  3572 | D:4      | 3572 ||| BUYING scroll of identify (26 gold).
  3572 | D:4      | Bought a scroll of identify for 26 gold pieces
  3572 | D:4      | 3572 ||| BUYING scroll of identify (26 gold).
  3572 | D:4      | Bought a scroll of identify for 26 gold pieces
  3572 | D:4      | 3572 ||| SHOPLISTING scroll of identify (26 gold, have 2).
  3572 | D:4      | 3572 ||| SHOPLISTING scroll of teleportation (39 gold, have
                  | 2).
  3572 | D:4      | 3572 ||| READING scroll of enchant weapon.
  3572 | D:4      | 3572 ||| ENCHANTING +1 war axe.
  3817 | D:4      | 3817 ||| READING 4 scrolls of identify.
  3817 | D:4      | 3817 ||| IDENTIFYING sedimented puce potion
  3818 | D:4      | 3818 ||| READING 3 scrolls of identify.
  3818 | D:4      | 3818 ||| IDENTIFYING smoky white potion
  3819 | D:4      | 3819 ||| DROPPING potion of ambrosia.
  3870 | D:5      | Entered Level 5 of the Dungeon
  3918 | D:5      | HP: 12/49 [gnoll/+0 spear (8)]
  3919 | D:5      | 3919 ||| DRINKING potion of heal wounds.
  4056 | D:5      | Found an ornate altar of the Wu Jian Council.
  4070 | D:5      | 4070 ||| Stepping ~*~*~tactically~*~*~ (hiding).
  4173 | D:5      | Reached skill level 8 in Axes
  4340 | D:5      | Reached * piety under Okawaru
  4400 | D:5      | Reached skill level 1 in Invocations
  4444 | D:5      | 4444 ||| READING scroll labelled HEKHAPN OG RIOGOHU.
  4545 | D:5      | 4545 ||| READING scroll labelled BEARYS QYVIN.
  4572 | D:6      | 4572 ||| INVOKING Heroism.
  4592 | D:6      | 4592 ||| Stepping ~*~*~tactically~*~*~ (stealth).
  4593 | D:6      | 4593 ||| Stepping ~*~*~tactically~*~*~ (stealth).
  4595 | D:6      | 4595 ||| Stepping ~*~*~tactically~*~*~ (stealth).
  4613 | D:6      | 4613 ||| DROPPING +1 whip of freezing.
  4621 | D:6      | 4621 ||| Stepping ~*~*~tactically~*~*~ (hiding).
  4626 | D:6      | 4626 ||| DRINKING 2 potions of curing.
  4626 | D:6      | 4626 ||| (to cure confusion)
  4635 | D:6      | Reached skill level 6 in Armour
  4648 | D:6      | Noticed Edmund
  4649 | D:6      | 4649 ||| INVOKING Heroism.
  4659 | D:6      | Killed Edmund
  4660 | D:6      | Reached skill level 3 in Invocations
  4678 | D:6      | 4678 ||| DROPPING +0 mace.
  4735 | D:6      | Found a hide-covered altar of Uskayaw.
  4737 | D:6      | Found a blossoming altar of Fedhas.
  4737 | D:6      | Found an opulent altar of Gozag.
  4752 | D:6      | Reached XP level 9. HP: 47/54 MP: 11/11
  4776 | D:6      | Found a sacrificial altar of Ru.
  4776 | D:6      | Found a shimmering altar of Xom.
  4776 | D:6      | Found a radiant altar of Vehumet.
  4931 | D:6      | Noticed Grinder
  4932 | D:6      | 4932 ||| Stepping ~*~*~tactically~*~*~ (hiding).
  4936 | D:6      | 4936 ||| INVOKING Heroism.
  4940 | D:6      | Paralysed by Grinder for 2 turns
  4944 | D:6      | Killed Grinder
  4945 | D:6      | Reached skill level 6 in Fighting
  5013 | D:6      | Noticed Maggie
  5014 | D:6      | 5014 ||| Stepping ~*~*~tactically~*~*~ (hiding).
  5015 | D:6      | 5015 ||| Stepping ~*~*~tactically~*~*~ (hiding).
  5027 | D:6      | 5027 ||| INVOKING Heroism.
  5027 | D:6      | HP: 5/55 [Maggie/bolt of fire (24)]
  5030 | D:6      | Slain by Maggie

Levels and vault maps discovered:
D:1:      dpeg_arrival_arbitrary_b, layout_basic, serial_shops,
          nicolae_lakefront_shop
D:2:      layout_loops_ring
D:3:      layout_loops_ring, nicolae_overflow_crystal_walls, solitary_fountain
D:4:      layout_basic, nemelex_spade_bored_becter, minmay_temple_entry_ruins,
          serial_shops, nicolae_shop_hallway_plus, uniq_duvessa, uniq_pikel
D:5:      layout_basic, nicolae_wu_jian_wuxing_cycle,
          chequers_serial_rivers_room_a
D:6:      layout_basic, doesnt_xom_only_xom, kennysheep_nondescript,
          uniq_grinder, uniq_edmund, uniq_maggie
Temple:   minmay_crystal_spiral_temple

Skill      XL: |  1  2  3  4  5  6  7  8  9 |
---------------+----------------------------+-----
Axes           | 2 3 4 7 8 |  8.1
Armour         | 5 6 |  6.0
Fighting       | 4 5 6 |  6.2
Invocations    | 3 4 |  4.3
Shields        | |  3.2

Action                     |  1- 3 |  4- 6 |  7- 9 || total
---------------------------+-------+-------+-------++-------
  Melee: War axe           |   114 |    58 |   209 ||   381
 Invoke: Heroism           |       |       |     4 ||     4
    Use: Scroll            |     1 |    11 |    10 ||    22
         Potion            |       |     2 |     3 ||     5
 Armour: Scale mail        |    47 |    17 |       ||    64
         Crystal plate arm |       |    35 |   183 ||   218
  Dodge: Dodged            |    60 |    22 |    37 ||   119
  Block: Buckler           |    17 |    19 |    30 ||    66

Table legend:
 A = Non-vault XP
 B = Vault XP
 C = Vault XP percentage of total XP
 D = Non-vault monster count
 E = Vault monster count
 F = Vault count percentage of total count
                 A         B        C        D         E       F
            +---------+---------+-------+---------+---------+-------
      Total |    1518 |    1255 |  45.3 |      91 |       5 |   5.2
            +---------+---------+-------+---------+---------+-------
        D:1 |      42 |       0 |   0.0 |      25 |       0 |   0.0
        D:2 |      41 |       0 |   0.0 |      12 |       0 |   0.0
        D:3 |     115 |       0 |   0.0 |      10 |       0 |   0.0
        D:4 |     535 |     824 |  60.6 |      22 |       3 |  12.0
        D:5 |     462 |       0 |   0.0 |      13 |       0 |   0.0
        D:6 |     323 |     431 |  57.2 |       9 |       2 |  18.2
            +---------+---------+-------+---------+---------+-------
